 Dungeon Crawl Stone Soup version 0.28.0-45-g0d030f2227 (webtiles) character file.

Game seed: 5368489836859600549

75 zeratav the Insei (level 4, -2/29 HPs)
             Began as an Octopode Transmuter on Apr 12, 2022.
             Slain by Sigmund
             ... wielding a +0 scythe
              (6 damage)
             ... on level 2 of the Dungeon.
             The game lasted 00:01:52 (1837 turns).

zeratav the Insei (Octopode Transmuter)             Turns: 1837, Time: 00:01:53

Health: -2/29      AC:  1    Str:  9    XL:     4   Next: 31%
Magic:  16/16      EV: 13    Int: 15    God:
Gold:   13         SH:  0    Dex: 14    Spells: 6/7 levels left

rFire   . . .      SeeInvis .     - Unarmed
rCold   . . .      Faith    .   (no shield)
rNeg    . . .      Spirit   .   (helmet currently unavailable)
rPois   .          Reflect  .   (no amulet)
rElec   .          Harm     .   a - ring of flight
rCorr   .          Rampage  .   g - ring of magical power
Will    .....                   (no ring)
Stlth   +++.......              (no ring)
HPRegen 0.09/turn               (no ring)
MPRegen 0.15/turn               (no ring)
                                (no ring)
                                (no ring)

@: appendages (expiring), flying
A: tentacle spike 3, almost no armour, amphibious, 8 rings, camouflage 1,
gelatinous body 1, (nimble swimmer 1), tentacles
a: End Transformation


You were on level 2 of the Dungeon.
One of your tentacles had grown a beastly spike.
You visited 1 branch of the dungeon, and saw 2 of its levels.

You collected 13 gold pieces.


Innate Abilities, Weirdness & Mutations

One of your tentacles has grown a beastly spike.
You cannot wear most types of armour.
You are amphibious.
You can wear up to eight rings at the same time.
Your skin changes colour to match your surroundings (Stealth+).
Your rubbery body absorbs attacks. (AC +1, EV +1)
((You are camouflaged when in or above water. (Stealth+)))
You have tentacles for arms and can constrict up to eight enemies at once.


   Skills:
 + Level 1.9 Fighting
 + Level 2.6 Dodging
 + Level 2.2 Stealth
 * Level 3.9 Unarmed Combat
 - Level 2.0 Spellcasting
 - Level 2.0 Transmutations


You had 6 spell levels left.
You knew the following spells:

 Your Spells              Type           Power      Damage    Failure   Level
a - Beastly Appendage     Tmut           14%        N/A       10%         1

Your spell library contained the following spells:

 Spells                   Type           Power      Damage    Failure   Level
 Wereblood                Tmut           7%         N/A       14%         2
 Spider Form              Tmut/Pois      4%         N/A       41%         3
 Ice Form                 Ice/Tmut       4%         N/A       82%         4

Inventory:

Magical Staves
 h - a staff of earth {staff}
   (You found it on level 2 of the Dungeon)
Jewellery
 a - a ring of flight (left tentacle)
   (You found it on level 1 of the Dungeon)
 g - a ring of magical power (right tentacle)
   (You found it on level 2 of the Dungeon)
Scrolls
 b - a scroll of immolation {unknown}
 c - a scroll of enchant armour {unknown}
 d - a scroll of enchant weapon {unknown}
 f - a scroll of noise {unknown}
Potions
 e - a potion of might {unknown}

Dungeon Overview and Level Annotations

Branches:
Dungeon (2/15)

Altars:

Annotations:
D:2 Jessica, Sigmund

#.#
#.###..###
.#.#####.#
#.# #.#.#.
. ......#.#
#.# #...>.
#. ...$.#.#
#.# ###...
#..###.#..#
#.########
..........
#.##.....<
#.>......#
#.########
#.....{.##
#.# #
#@@..# #.#
# ###..#
#.# # #..#
# #.# #
#..#.###.#
#
##....#...#
#
#...###.###
# #.#####.#
#.......#
#########


You could see Jessica (fast).


Message History

You barely miss the adder. You constrict the adder. The adder bites you.
HP[-3]
You take 3 damage, and now have 24/29 hp.
You tentacle-slap the adder but do no damage.
Your tentacle spike misses the adder.
Your transformation is almost over.
You constrict the adder. The adder completely misses you.
HP[+1]
You barely miss the adder.
Your tentacle spike misses the adder.
You squeeze the adder.
You kill the adder!
MP[+1]
Your mp is fully restored (16).
No target in view!
No target in view!
No target in view!
No target in view!
No target in view!
No target in view!
No target in view!
Your tentacle spike disappears.
Jessica the Apprentice Sorceress comes into view.
She is wielding a +0 dagger.
Jessica shouts!
Sigmund the Dreaded comes into view.
He is wielding a +0 scythe and wearing a +1 robe of willpower.
HP[+4]
Your hp is fully restored (29).
One of your tentacles grows a vicious spike.
Sigmund shouts!
MP[-1]
You lost 1 mp, and now have 15/16 mp.
Sigmund gestures at you while chanting. The puff of flame hits you!
HP[-8]
You take 8 damage, and now have 21/29 hp.
MASSIVE DAMAGE!! (PAUSE)
Found an escape hatch in the floor.
You barely miss Jessica. Your grab misses Jessica.
Your tentacle spike misses Jessica.
Your squeeze misses Jessica. Sigmund closely misses you.
Jessica casts a spell.
Jessica blinks!
Jessica mumbles some strange words.
Jessica blinks!
Sigmund misses you.
You barely miss Sigmund. Your grab misses Sigmund.
MP[+1]
Your mp is fully restored (16).
You tentacle-slap Sigmund. Your grab misses Sigmund.
Your tentacle spike misses Sigmund.
You squeeze Sigmund. Sigmund closely misses you.
You tentacle-slap Sigmund. Your grab misses Sigmund.
You pierce Sigmund.
You squeeze Sigmund. Sigmund closely misses you.
You tentacle-slap Sigmund. You grab Sigmund.
Your transformation is almost over.
You constrict Sigmund.
Jessica gestures wildly while chanting.
Jessica seems to speed up.
You tentacle-slap Sigmund.
Your tentacle spike misses Sigmund.
You constrict Sigmund, but do no damage.
Sigmund mumbles some strange words.
Sigmund flickers and vanishes!
Deactivating autopickup; reactivate with Ctrl-A.
You release your grip on something.
You hear some strange, mumbled words.
A puff of flame appears from out of thin air!
The puff of flame hits you!
* * * LOW HITPOINT WARNING * * *
Jessica hits you with a +0 dagger.
* * * LOW HITPOINT WARNING * * *
You are too injured to fight recklessly!
You are too injured to fight recklessly!
You are too injured to fight recklessly!
You are too injured to fight recklessly!
You are too injured to fight recklessly!
You are too injured to fight recklessly!
You are too injured to fight recklessly!
You are too injured to fight recklessly!
You are too injured to fight recklessly!
You are too injured to fight recklessly!
You are too injured to fight recklessly!
You are too injured to fight recklessly!
HP[-15]
You take 15 damage, and now have 6/29 hp.
MASSIVE DAMAGE!! (PAUSE)
You are too injured to fight recklessly!
You are too injured to fight recklessly!
You are too injured to fight recklessly!
You are too injured to fight recklessly!
You are too injured to fight recklessly!
You are too injured to fight recklessly!
You are too injured to fight recklessly!
You are too injured to fight recklessly!
You are too injured to fight recklessly!
You are too injured to fight recklessly!
You tentacle-slap Jessica. Your grab misses Jessica.
You pierce Jessica.
You squeeze Jessica.
Jessica gestures wildly.
Jessica hits you with a +0 dagger.
* * * LOW HITPOINT WARNING * * *
Something hits you.
You die...

Skill      XL: |  1  2  3 |
---------------+----------+-----
Stealth        | 1 2 |  2.2
Fighting       | |  1.9
Dodging        | |  2.6
Unarmed Combat | |  3.9
Spellcasting   | |  2.0
Transmutations | |  2.0

Action                   |  1- 3 |  4- 6 || total
-------------------------+-------+-------++-------
Melee: Unarmed           |    62 |    16 ||    78
       Constrict         |    16 |     3 ||    19
       Kick              |    20 |     2 ||    22
       Tentacles         |    13 |     5 ||    18
       Punch             |     4 |       ||     4
 Cast: Beastly Appendage |    14 |     2 ||    16
  Use: Potion            |     1 |       ||     1
 Stab: Sleeping          |     4 |       ||     4
Armor: Skin              |     7 |     1 ||     8
Dodge: Dodged            |    49 |     8 ||    57

Levels and vault maps discovered:
D:1:      elethiomel_arrival_infinity_welcomes_careful_drivers,
          layout_loops_cross
D:2:      layout_basic, serial_curves, eino_curves_01, eino_curves_04,
          nicolae_ecumenical_snake_handling, minivault_5, uniq_robin,
          uniq_sigmund, uniq_jessica

Notes
Turn   | Place    | Note
-------+----------+-------------------------------------------
     0 | D:1      | zeratav the Octopode Transmuter began the quest for the
                  | Orb.
     0 | D:1      | Reached XP level 1. HP: 13/13 MP: 3/3
     0 | D:1      | magus.rc [v1.9.6]
   249 | D:1      | Reached XP level 2. HP: 18/18 MP: 3/5
   272 | D:1      | Reached skill level 1 in Stealth
   516 | D:1      | Reached XP level 3. HP: 18/23 MP: 4/6
  1343 | D:2      | HP: 4/23 [hobgoblin (4)]
  1353 | D:2      | Reached skill level 2 in Stealth
  1360 | D:2      | Reached XP level 4. HP: 23/29 MP: 7/7
  1528 | D:2      | Found a faded altar of an unknown god.
  1824 | D:2      | Noticed Jessica
  1824 | D:2      | Noticed Sigmund
  1836 | D:2      | HP: 6/29 [Jessica/+0 dagger (5)]
  1837 | D:2      | Slain by Sigmund

Vanquished Creatures
  A gnoll (D:1)
  4 adders (D:2)
  An endoplasm (D:1)
  2 goblins (D:1)
  4 hobgoblins
  6 jackals (D:1)
  2 kobolds (D:1)
  A quokka (D:1)
  3 ball pythons
  4 bats
  A frilled lizard (D:1)
  A rat (D:1)
30 creatures vanquished.

Table legend:
 A = Non-vault XP
 B = Vault XP
 C = Vault XP percentage of total XP
 D = Non-vault monster count
 E = Vault monster count
 F = Vault count percentage of total count
                 A         B        C        D         E       F
            +---------+---------+-------+---------+---------+-------
      Total |      67 |      41 |  38.0 |      26 |       4 |  13.3
            +---------+---------+-------+---------+---------+-------
        D:1 |      51 |       0 |   0.0 |      23 |       0 |   0.0
        D:2 |      16 |      41 |  71.9 |       3 |       4 |  57.1
            +---------+---------+-------+---------+---------+-------

Illustrated notes

Table legend:
 A = Kills in this place as a percentage of kills in entire the game.
 B = Kills by you in this place as a percentage of kills by you in the entire game.
 C = Kills by friends in this place as a percentage of kills by friends in the entire game.
 D = Other kills in this place as a percentage of other kills in the entire game.
 E = Experience gained in this place as a percentage of experience gained in the entire game.
 F = Experience gained in this place divided by the number of levels of this place that you have seen.
                   A       B       C       D       E      F
               +-------+-------+-------+-------+-------+----------------------
         Total | 100.0 | 100.0 |   N/A |   N/A | 100.0 |  54.0
       Dungeon | 100.0 | 100.0 |   N/A |   N/A | 100.0 |  54.0
               +-------+-------+-------+-------+-------+----------------------

Table legend: (Time is in decaauts)
 A = Elapsed time spent in this place.
 B = Non-inter-level travel time spent in this place.
 C = Inter-level travel time spent in this place.
 D = Time resting spent in this place.
 E = Time spent auto-exploring this place.
 F = Levels seen in this place.
 G = Mean time per level.
                   A        B        C        D        E       F      G
               +--------+--------+--------+--------+--------+-----+--------+
         Total |   1830 |   1789 |     41 |    378 |   1194 |   2 |  915.0 |
       Dungeon |   1830 |   1789 |     41 |    378 |   1194 |   2 |  915.0 |
               +--------+--------+--------+--------+--------+-----+--------+

Top non-repeatable levels by time:
     D:1: 1330 daAuts
     D:2: 500 daAuts
